 Dungeon Crawl Stone Soup version 0.29-a0-542-g075992c915 (webtiles) character file.

Game seed: 16571678891742322422

9 oldriver the Sneak (level 2, -2/25 HPs)
             Began as a Palentonga Delver on June 4, 2022.
             Slain by an adder (4 damage)
             ... on level 5 of the Dungeon.
             The game lasted 00:00:22 (22 turns).

oldriver the Sneak (Palentonga Delver)                Turns: 22, Time: 00:00:23

Health: -2/25      AC:  4    Str: 15    XL:     2   Next: 3%
Magic:  2/2        EV:  9    Int: 10    God:
Gold:   0          SH:  0    Dex: 11    Spells: 1/1 levels left

rFire   . . .      SeeInvis +   a - +0 hand axe
rCold   . . .      Faith    .   (no shield)
rNeg    . . .      Spirit   .   b - +0 leather armour
rPois   .          Reflect  .   (no helmet)
rElec   .          Harm     .   (no cloak)
rCorr   .          Rampage  .   (no gloves)
Will    .....                   (no barding)
Stlth   ++........              (no amulet)
HPRegen 0.08/turn               (no ring)
MPRegen 0.08/turn               (no ring)

@: lethally poisoned (-2 -> -16), hasted, very quick
A: large, rugged brown scales 3, see invisible, deformed body, roll 1, armoured
tail
a: Rolling Charge


You were on level 5 of the Dungeon.
You visited 1 branch of the dungeon, and saw 1 of its levels.

Inventory:

Hand Weapons
 a - a +0 hand axe (weapon)
Armour
 b - a +0 leather armour (worn)
Wands
 g - a wand of digging (3)
Scrolls
 c - a scroll of fog
 d - a scroll of magic mapping
 e - a scroll of fear
Potions
 h - a potion of curing {unknown}


   Skills:
 + Level 3.3 Fighting
 + Level 2.4 Axes
 - Level 1.5 Dodging
 - Level 3.3 Stealth


You had one spell level left.
You didn't know any spells.
Your spell library was empty.

Dungeon Overview and Level Annotations

Branches:
Dungeon (5/15)
 Temple: D:4-7

Altars:


Innate Abilities, Weirdness & Mutations

You are completely covered in rugged brown scales. (AC +3, +7% HP)
You have supernaturally acute eyesight. (SInv)
Armour fits poorly on your strangely shaped body.
You can roll at nearby foes to attack.
You have a long armoured tail.


Message History

You miss the adder.
The adder is severely wounded.
The adder bites you but does no damage.
A scorpion comes into view.
The adder bites you.
You barely miss the adder. You tail-slap the adder.
You kill the adder!
You have reached level 2!
Found 13 gold pieces.
You see here an adder corpse.
You feel yourself speed up.
An adder comes into view.
You see here an adder corpse.
The adder hisses angrily.
You hear an angry hiss.
There is a fountain of clear blue water here.
An adder comes into view.
There is a stone staircase leading down here.
The adder bites you.
The scorpion stings you but does no damage.
The adder bites you but does no damage.
You closely miss the adder.
Your tail-slap misses the adder.
You completely miss the adder. The adder barely misses you.
The adder closely misses you.
The scorpion stings you but does no damage.
The scorpion stings you.
A gnoll shaman comes into view. It is wielding a +0 whip.
You see here an adder corpse.
The scorpion stings you.
You are poisoned.
The scorpion poisons you!
You barely miss the adder. You hit the scorpion but do no damage.
You feel sick. The adder bites you but does no damage. The scorpion stings you.
* * * LOW HITPOINT WARNING * * *
You are more poisoned.
The scorpion poisons you!
Unknown command.
* * * LOW HITPOINT WARNING * * *
You feel very sick. The adder bites you.
You die...

######
##.≈≈.##
##§†S@.≈##
#..#sS#..#
#..#.>#.$#
##§....≈##
##g≈≈.##
#.#### .^$
#.8..
#####


You could see a gnoll shaman, a scorpion and 2 adders.

Vanquished Creatures
  An adder (D:5)
1 creature vanquished.

Notes
Turn   | Place    | Note
-------+----------+-------------------------------------------
     0 | D:5      | oldriver the Palentonga Delver began the quest for the Orb.
     0 | D:5      | Reached XP level 1. HP: 19/19 MP: 1/1
     5 | D:5      | Noticed a scorpion
     7 | D:5      | Reached XP level 2. HP: 21/25 MP: 2/2
    22 | D:5      | Slain by an adder

Illustrated notes

Levels and vault maps discovered:
D:5:      layout_loops_ring, minivault_24, serial_bayou_pond_e, nzn_random_ring

Action                   || total
-------------------------++-------
Melee: Hand axe          ||     7
       Tailslap          ||     1
 Abil: Rolling Charge    ||     1
  Use: Potion            ||     1
Armor: Leather armour    ||     7
Dodge: Dodged            ||     3

Table legend: (Time is in decaauts)
 A = Elapsed time spent in this place.
 B = Non-inter-level travel time spent in this place.
 C = Inter-level travel time spent in this place.
 D = Time resting spent in this place.
 E = Time spent auto-exploring this place.
 F = Levels seen in this place.
 G = Mean time per level.
                   A        B        C        D        E       F      G
               +--------+--------+--------+--------+--------+-----+--------+
         Total |     19 |     19 |      0 |      0 |      0 |   1 |   19.0 |
       Dungeon |     19 |     19 |      0 |      0 |      0 |   1 |   19.0 |
               +--------+--------+--------+--------+--------+-----+--------+

Top non-repeatable levels by time:
     D:5: 19 daAuts
